 Dungeon Crawl Stone Soup version 0.15.1-3-g1b33baa (webtiles) character file.

268 Hodglim the Ruinous (level 6, -1/36 HPs)
             Began as a High Elf Conjurer on Oct 9, 2014.
             Slain by an ice beast (12 damage)
             ... on Level 4 of the Dungeon.
             The game lasted 00:25:14 (3812 turns).

Hodglim the Ruinous (High Elf Conjurer)             Turns: 3812, Time: 00:25:15

HP  -1/36        AC  6     Str  7      XL: 6   Next:  0%
MP  11/20        EV 10     Int 21      God:
Gold 157         SH  0     Dex 16      Spells:  5 memorised,  0 levels left

rFire  . . .     SeeInvis .     i - +0 short sword
rCold  . . .     Clarity  .     t - +3 leather armour
rNeg   . . .     rCorr    .     (no shield)
rPois  .         rRot     .     (no helmet)
rElec  .         Spirit   .     (no cloak)
SustAb .         Warding  .     (no gloves)
rMut   .         Stasis   .     (no boots)
Gourm  .                        (no amulet)
MR     .....                    (no ring)
                                e - ring of flight

@: not resistant to hostile enchantments, unstealthy
A: no striking features
a: Evoke Flight


You were on level 4 of the Dungeon.
You were not hungry.

You visited 1 branch of the dungeon, and saw 4 of its levels.

You collected 157 gold pieces.

Inventory:

Hand weapons
 i - a +0 short sword (weapon)
Armour
 a - a +0 ring mail
 t - a +3 leather armour (worn)
Magical devices
 w - a wand of slowing (11)
Comestibles
 b - 2 bread rations
 d - 2 chunks of orc flesh
 j - a meat ration
 l - 8 fruits
 p - 2 beef jerkies
Scrolls
 f - a scroll of fog
 h - a scroll of remove curse
 n - 2 scrolls of identify
 q - a scroll of magic mapping {unknown}
 x - a scroll of teleportation
Jewellery
 e - a ring of flight (left hand)
Potions
 g - 2 potions of curing {unknown}
 k - a potion of agility {unknown}
 m - 2 potions of heal wounds {unknown}
 o - a potion of cure mutation {unknown}
 r - 2 potions of resistance
 s - 2 potions of magic {unknown}
 u - a potion of porridge
 v - a potion of confusion {unknown}
Books
 c - a book of Conjurations

   Spells                             Type                      Level
   *Magic Dart                        Conjuration                  1
   *Searing Ray                       Conjuration                  2
   *Dazzling Spray                    Conjuration/Hexes            3
   Fulminant Prism                    Conjuration/Hexes            4
   *Iskenderun's Mystic Blast         Conjuration                  4
   *Iskenderun's Battlesphere         Conjuration/Charms           5


   Skills:
 - Level 2.1 Dodging
 - Level 2.1 Stealth
 + Level 5.4 Spellcasting
 + Level 6.2 Conjurations


You couldn't memorise any spells.
You knew the following spells:

 Your Spells              Type           Power        Failure   Level  Hunger
a - Magic Dart            Conj           ####         1%          1    None
b - Searing Ray           Conj           ####..       1%          2    None
c - Iskenderun's Mystic   Conj           ####....     10%         4    ####...
d - Dazzling Spray        Conj/Hex       ###.....     12%         3    ##.....
e - Iskenderun's Battles  Conj/Chrm      ###.....     87%         5    #####..


Dungeon Overview and Level Annotations

Branches:
Dungeon (4/15)
 Temple: D:4-7

Altars:
Cheibriados
Elyvilon

Annotations:
D:2 Sigmund


Message History

Aiming: Magic Dart
Press: ? - help, Shift-Dir - straight line, f/p - ice beast
Aim: an ice beast (moderately wounded)
The magic dart hits the ice beast.
The ice beast is moderately wounded.
Casting: Magic Dart
Confirm with . or Enter, or press ? or * to list all spells.
Aiming: Searing Ray
Press: ? - help, Shift-Dir - straight line, f/p - ice beast
Aim: an ice beast (moderately wounded)
The searing ray hits the ice beast.
The ice beast is moderately wounded.
The ice beast hits you. The ice beast freezes you!
The searing ray hits the ice beast.
The ice beast is moderately wounded.
The ice beast hits you. The ice beast freezes you!
The searing ray hits the ice beast.
The ice beast is heavily wounded.
The ice beast hits you. The ice beast freezes you!
You die...

#....##
#.#...##
##.##..## .
#####..##
###...
##..##......#
##...# #..##
#.## #@# #Y##
... #....
##... #...
#..# #..


You could see an ice beast.

Vanquished Creatures
  2 orc priests (D:3)
  A hound (D:4)
  An orc wizard (D:4)
  Terence (D:1)
  7 adders
  2 worms (D:2)
  5 giant geckos
  5 orcs
  6 giant cockroaches
  5 goblins
  5 hobgoblins
  2 jackals (D:3)
  5 kobolds
  A quokka (D:2)
  2 ball pythons (D:3)
  5 bats
  3 giant newts
  8 rats
66 creatures vanquished.

Notes
Turn   | Place    | Note
--------------------------------------------------------------
     0 | D:1      | Hodglim, the High Elf Conjurer, began the quest for the Orb.
     0 | D:1      | Reached XP level 1. HP: 11/11 MP: 4/4
   369 | D:1      | Reached XP level 2. HP: 9/17 MP: 0/6
   526 | D:1      | Learned a level 2 spell: Searing Ray
  1207 | D:2      | Reached XP level 3. HP: 21/21 MP: 4/10
  1454 | D:2      | Reached skill level 5 in Conjurations
  1634 | D:2      | Noticed Terence
  1752 | D:1      | Killed Terence
  1996 | D:2      | Reached XP level 4. HP: 27/27 MP: 7/14
  2319 | D:2      | Noticed Sigmund
  2555 | D:3      | Learned a level 4 spell: Iskenderun's Mystic Blast
  2560 | D:3      | Learned a level 3 spell: Dazzling Spray
  2592 | D:3      | Reached XP level 5. HP: 31/31 MP: 0/17
  2883 | D:3      | Found a white marble altar of Elyvilon.
  2976 | D:3      | Reached skill level 5 in Spellcasting
  3289 | D:3      | Found a snail-covered altar of Cheibriados.
  3520 | D:4      | Reached skill level 6 in Conjurations
  3616 | D:4      | Reached XP level 6. HP: 36/36 MP: 7/20
  3623 | D:4      | Learned a level 5 spell: Iskenderun's Battlesphere
  3812 | D:4      | Slain by an ice beast

Action                   |  1- 3 |  4- 6 || total
-------------------------+-------+-------++-------
Melee: Short sword       |     6 |     5 ||    11
 Cast: Magic Dart        |    52 |    60 ||   112
       Searing Ray       |     8 |    11 ||    19
       Iskenderun's Myst |       |     5 ||     5
  Use: Scroll            |     6 |       ||     6
 Stab: Sleeping          |       |     1 ||     1
  Eat: Chunk             |     3 |     7 ||    10
